 Dungeon Sprint DCSS version 0.30.1-11-g7821555f0a (webtiles) character file.

Game seed: 16770436608516159756

218 Heoruswealwe the Spear-Bearer (level 5, -1/53 HPs)
             Began as a Minotaur Fighter on Nov 3, 2023.
             Slain by a gnoll sergeant
             ... wielding a +0 spear
              (5 damage)
             ... in the Dungeon (Sprint IX: "|||||||||||||||||||||||||||||").
             The game lasted 00:00:59 (96 turns).

Heoruswealwe the Spear-Bearer (Minotaur Fighter)      Turns: 96, Time: 00:00:59

Health: -1/53      AC:  8    Str: 22    XL:     5   Next: 63%
Magic:  4/4        EV:  9    Int:  5    God:
Gold:   0          SH:  4    Dex: 10    Spells: 4/4 levels left

rFire   . . .        a - +0 trident
rCold   . . .        d - +0 buckler
rNeg    . . .        c - +0 scale mail
rPois   .            (helmet restricted)
rElec   .            (no cloak)
rCorr   .            (no gloves)
SInv    .            (no boots)
Will    .....        (no amulet) Stlth
                     (no ring)
HPRegen 0.28/turn    (no ring)
MPRegen 0.09/turn

%: no teleportation
@: no status effects
A: horns 2, retaliatory headbutt
a: no special abilities


You were in the Dungeon.
You visited 1 branch

Inventory:

Hand Weapons
 a - a +0 trident (weapon)
Armour
 c - a +0 scale mail (worn)
 d - a +0 buckler (worn)
Jewellery
 h - a +3 ring of strength
 j - a +3 ring of dexterity
Potions
 b - a potion of might
 e - a potion of curing
 f - a potion of heal wounds
 g - a potion of haste
 i - a potion of berserk rage


   Skills:
 + Level 7.9 Fighting
 * Level 10.2 Polearms
 + Level 7.9 Armour
 - Level 3.6 Shields


You had 4 spell levels left.
You didn't know any spells.
Your spell library was empty.

Dungeon Overview and Level Annotations

Branches:
Dungeon (1/1)

Altars:
Cheibriados
Dithmenos
Elyvilon
Fedhas
Gozag
Hepliaklqana
Kikubaaqudgha
Makhleb
Nemelex Xobeh
Okawaru
Qazlal
Ru
Sif Muna
Trog
Uskayaw
Vehumet
Wu Jian
Xom
Yredelemnul
Zin
The Shining One
Jiyva
Lugonu


Innate Abilities, Weirdness & Mutations

You have a pair of horns on your head.
You reflexively headbutt those who attack you in melee.


Message History

The black bear goes berserk!
You hit the black bear but do no damage.
You headbutt the black bear.
You kill the black bear!
Your Fighting skill increases to level 7!
Your Polearms skill gained 2 levels and is now at level 10!
Your Armour skill increases to level 7!
You have reached level 5!
You see here a +0 pair of boots.
You see here a +0 helmet.
You see here a +1 chain mail.
h - a +3 ring of strength
j - a +3 ring of dexterity You open the door.
An orc warrior, a steam dragon, a troll, 2 two-headed ogres and a gnoll sergeant come into view.
The orc warrior shouts!
The two-headed ogre shouts in stereo!
The steam dragon hisses angrily.
The troll shouts!
The two-headed ogre shouts in stereo!
The gnoll sergeant shouts!
The gnoll sergeant hits you but does no damage.
The gnoll sergeant barely misses you.
There is an open door to the Dungeon here.
You barely miss the gnoll sergeant.
The gnoll sergeant hits you with a +0 spear.
* * * LOW HITPOINT WARNING * * *
You hit the gnoll sergeant but do no damage.
The gnoll sergeant hits you with a +0 spear.
* * * LOW HITPOINT WARNING * * *
You hit the gnoll sergeant but do no damage.
The gnoll sergeant hits you with a +0 spear.
* * * LOW HITPOINT WARNING * * *
You puncture the gnoll sergeant!
The gnoll sergeant is moderately wounded.
The gnoll sergeant hits you with a +0 spear.
* * * LOW HITPOINT WARNING * * *
You barely miss the gnoll sergeant. You headbutt the gnoll sergeant.
The gnoll sergeant is moderately wounded.
You puncture the gnoll sergeant!
The gnoll sergeant is severely wounded.
The gnoll sergeant hits you with a +0 spear.
You die... ▓▓▓▓▓▓▓▓▓▓▓▓▓▓▓▓▓▓▓▓▓▓▓▓ +oDOTOg@..[[[.)?!'______ ▓▓▓▓▓▓▓▓▓▓▓▓▓▓▓▓▓▓▓▓▓▓▓▓

You could see 2 two-headed ogres, a troll, a steam dragon, an orc warrior and a gnoll sergeant.

Vanquished Creatures
  A black bear (D)
  A scorpion (D)
  A hound (D)
  A sleepcap (D)
  A dart slug (D)
  A quokka (D)
  2 frilled lizards (D)
  2 rats (D)
10 creatures vanquished.

Notes
Turn   | Place    | Note
-------+----------+-------------------------------------------
     0 | D        | Heoruswealwe the Minotaur Fighter began the quest for the
                  | Orb.
     0 | D        | Reached XP level 1. HP: 19/19 MP: 0/0
    10 | D        | Reached skill level 3 in Polearms
    18 | D        | Noticed a scorpion
    18 | D        | Noticed a sleepcap
    18 | D        | Noticed a hound
    18 | D        | Noticed a black bear
    23 | D        | Found a snail-covered altar of Cheibriados.
    23 | D        | Found a shadowy altar of Dithmenos.
    23 | D        | Found a white marble altar of Elyvilon.
    23 | D        | Found a blossoming altar of Fedhas.
    23 | D        | Found an opulent altar of Gozag.
    24 | D        | Found a hazy altar of Hepliaklqana.
    25 | D        | Found a viscous altar of Jiyva.
    26 | D        | Found an ancient bone altar of Kikubaaqudgha.
    27 | D        | Found a corrupted altar of Lugonu.
    28 | D        | Found a burning altar of Makhleb.
    29 | D        | Found a sparkling altar of Nemelex Xobeh.
    30 | D        | Found an iron altar of Okawaru.
    31 | D        | Found a stormy altar of Qazlal.
    36 | D        | Killed a scorpion
    37 | D        | Reached skill level 5 in Fighting
    37 | D        | Reached skill level 6 in Polearms
    37 | D        | Reached skill level 5 in Armour
    37 | D        | Reached XP level 2. HP: 13/30 MP: 1/1
    37 | D        | Reached XP level 3. HP: 16/37 MP: 2/2
    38 | D        | Reached skill level 7 in Polearms
    38 | D        | Reached XP level 4. HP: 19/44 MP: 3/3
    38 | D        | Found a sacrificial altar of Ru.
    39 | D        | Found a shimmering blue altar of Sif Muna.
    40 | D        | Found a bloodstained altar of Trog.
    41 | D        | Found a hide-covered altar of Uskayaw.
    42 | D        | Found a radiant altar of Vehumet.
    43 | D        | Found an ornate altar of the Wu Jian Council.
    44 | D        | Found a shimmering altar of Xom.
    45 | D        | Found a basalt altar of Yredelemnul.
    46 | D        | Found a glowing silver altar of Zin.
    47 | D        | Found a glowing golden altar of the Shining One.
    77 | D        | Reached skill level 8 in Polearms
    80 | D        | Killed a black bear
    81 | D        | Reached skill level 10 in Polearms
    81 | D        | Reached XP level 5. HP: 17/53 MP: 4/4
    89 | D        | Noticed an orc warrior
    89 | D        | Noticed a two-headed ogre
    89 | D        | Noticed a steam dragon
    89 | D        | Noticed a troll
    89 | D        | Noticed a two-headed ogre
    96 | D        | Slain by a gnoll sergeant

Illustrated notes

Levels and vault maps discovered:
D:        linesprint [early_d, line_temple, items_1, d_10, items_2, lair_1,
          lair_end, items_3, orc_1, orc_end, items_4, d_15, swamp_1, shoals_1,
          snake_1, spider_1, d_20, vaults_1, items_5, swamp_end, shoals_end,
          snake_end, spider_end, vaults_end, d_27, items_6, zot_1, zot_end,
          crypt_end, forest_end, elf_end, slime_end, tomb_end, abyss_end,
          pan_hell_end]

Skill      XL: |  1  2  3  4 |
---------------+-------------+-----
Polearms       | 6 7 10 | 10.2
Fighting       | 5 7 |  7.9
Armour         | 5 7 |  7.9
Shields        | |  3.6

Action                     |  1- 3 |  4- 6 || total
---------------------------+-------+-------++-------
  Melee: Trident           |    13 |    27 ||    40
         Headbutt          |     2 |     7 ||     9
    Use: Scroll            |     1 |       ||     1
 Armour: Scale mail        |     7 |     8 ||    15
  Dodge: Dodged            |    11 |    10 ||    21
  Block: Buckler           |     6 |     2 ||     8
